 Dungeon Crawl Stone Soup version 0.29-a0-732-g3d7fbe0af2 (webtiles) character file.

Game seed: 5915989410997990397

252 pyrow613 the Chopper (level 5, -3/45 HPs)
             Began as a Demigod Fighter on June 29, 2022.
             Slain by a gnoll
             ... wielding a +0 flail
             ... led by a gnoll shaman
              (5 damage)
             ... on level 3 of the Dungeon.
             The game lasted 00:05:01 (3081 turns).

pyrow613 the Chopper (Demigod Fighter)              Turns: 3081, Time: 00:05:01

Health: -3/45      AC: 10    Str: 19 (21) XL:     5   Next: 57%
Magic:  7/7        EV:  9    Int:  8 (10) God:
Gold:   76         SH:  4    Dex: 11 (13) Spells: 4/4 levels left

rFire   + . .      SeeInvis .   a - +0 war axe
rCold   . . .      Faith    .   c - +0 buckler
rNeg    . . .      Spirit   .   g - +2 scale mail {rF+}
rPois   .          Reflect  .   l - +0 helmet
rElec   .          Harm     .   (no cloak)
rCorr   .          Rampage  .   (no gloves)
Will    .....                   (no boots)
Stlth   ..........              (no amulet)
HPRegen 0.15/turn               (no ring)
MPRegen 0.10/turn               (no ring)

@: no status effects
A: high MP 1, forlorn, divine attributes
a: no special abilities


You were on level 3 of the Dungeon.
You visited 1 branch of the dungeon, and saw 4 of its levels.

You collected 76 gold pieces.

Inventory:

Hand Weapons
 a - a +0 war axe (weapon)
Missiles
 d - 6 poisoned darts (quivered)
Armour
 c - a +0 buckler (worn)
 g - a +2 scale mail of fire resistance (worn)
 l - a +0 helmet (worn)
Wands
 k - a wand of light (12)
Scrolls
 i - 2 scrolls of teleportation
 m - a scroll of identify {unknown}
 p - a scroll of fog {unknown}
 s - 3 scrolls of poison {unknown}
Potions
 h - 2 potions of heal wounds {unknown}
 n - a potion of resistance {unknown}
 o - a potion of haste {unknown}
 q - a potion of flight {unknown}


   Skills:
 + Level 3.6 Fighting
 * Level 3.8 Axes
 + Level 3.5 Armour
 + Level 3.5 Shields


You had 4 spell levels left.
You didn't know any spells.
Your spell library contained the following spells:

 Spells                   Type           Power      Damage    Failure   Level
 Magic Dart               Conj           0%         1d3       86%         1
 Call Imp                 Summ           0%         N/A       94%         2
 Mephitic Cloud           Conj/Pois/Air  0%         N/A       99%         3


Dungeon Overview and Level Annotations

Branches:
Dungeon (4/15)
 Temple: D:4-7


Innate Abilities, Weirdness & Mutations

You have an increased reservoir of magic. (+10% MP)
You shall have no god before yourself.
Your divine heritage dramatically boosts your attributes as you level up.


Message History

The gnoll hits you with a +0 flail. The gnoll attacks as you move away!
The gnoll hits you but does no damage.
There is a stone staircase leading up here.
The gnoll hits you with a +0 flail. The gnoll closely misses you.
You climb upwards.
There is a stone staircase leading down here.
You are too injured to fight recklessly!
You are too injured to fight recklessly!
You hit the gnoll.
The gnoll is moderately wounded.
You barely miss the gnoll.
The gnoll hits you but does no damage. x2
You hit the gnoll.
The gnoll is severely wounded.
You closely miss the gnoll. The gnoll barely misses you.
You block the gnoll's attack. x2; The gnoll completely misses you.
You barely miss the gnoll.
The gnoll is severely wounded.
You hit the gnoll but do no damage. The gnoll closely misses you.
The gnoll hits you with a +0 flail.
You barely miss the gnoll.
The gnoll is severely wounded.
You closely miss the gnoll. The gnoll hits you but does no damage.
The gnoll hits you with a +0 flail.
* * * LOW HITPOINT WARNING * * *
You slash the gnoll!
You kill the gnoll!
You hit the gnoll but do no damage. The gnoll hits you with a +0 flail.
* * * LOW HITPOINT WARNING * * *
The gnoll hits you with a +0 flail.
* * * LOW HITPOINT WARNING * * *
Unknown command.
You feel better. The gnoll hits you but does no damage.
You hit the gnoll but do no damage. The gnoll hits you with a +0 flail!
* * * LOW HITPOINT WARNING * * *
You hit the gnoll but do no damage. You block the gnoll's attack.
It was a potion of degeneration.
There was something very wrong with that liquid.
You feel weakened.
You feel dopey.
You feel clumsy. The gnoll hits you with a +0 flail.
You die...

#...[......................
#...............##......###
#..........#.##....#....###
#..........#.#.............
#..........#.......########
######.#..#....###...#
##.......### ###.### ##
###........### #...###.
#......)@g...# ###.....
####.....#.#.# #####.
#.....#...# ##
#.....##..##### #
#########.....# ##
#.........##.# #.
#.........##.# #.
#..........#.# #.
####............# #.


You could see a gnoll.

Vanquished Creatures
  A gnoll shaman (D:4)
  Robin (D:2)
  3 adders (D:3)
  9 gnolls
  A worm (D:2)
  A dart slug (D:2)
  5 orcs (D:3)
  4 ball pythons
  5 bats
  2 endoplasms
  2 giant cockroaches
  18 goblins
  8 hobgoblins
  6 jackals
  3 quokkas
  3 frilled lizards
  10 kobolds
  7 rats
89 creatures vanquished.

Notes
Turn   | Place    | Note
-------+----------+-------------------------------------------
     0 | D:1      | pyrow613 the Demigod Fighter began the quest for the Orb.
     0 | D:1      | Reached XP level 1. HP: 18/18 MP: 3/3
   322 | D:1      | Reached XP level 2. HP: 25/25 MP: 4/4
  1057 | D:2      | Reached XP level 3. HP: 31/31 MP: 5/5
  1748 | D:2      | Reached XP level 4. HP: 35/38 MP: 6/6
  1928 | D:2      | Noticed Robin
  1934 | D:2      | Killed Robin
  2805 | D:3      | Reached XP level 5. HP: 45/45 MP: 7/7
  3077 | D:3      | HP: 1/45 [gnoll/+0 flail[a gnoll shaman] (6)]
  3081 | D:3      | Slain by a gnoll

Illustrated notes

Levels and vault maps discovered:
D:1:      lightli_arrival_boilingwater, layout_loops_ring,
          hellmonk_ecumenical_altar_run_dry, minmay_misc_feat_tiny,
          grunt_decor_resistance
D:2:      layout_basic, uniq_robin
D:3:      layout_rooms, okawaru_ov_weapons_minmay
D:4:      layout_basic, gammafunk_ghost_icy, item_on_display_b,
          uniq_blork_the_orc, uniq_pikel

Skill      XL: |  1  2  3  4 |
---------------+-------------+-----
Axes           | 2 3 |  3.8
Fighting       | 3 |  3.6
Armour         | 3 |  3.5
Shields        | 3 |  3.5

Action                   |  1- 3 |  4- 6 || total
-------------------------+-------+-------++-------
Melee: War axe           |   116 |   113 ||   229
  Use: Potion            |     1 |     2 ||     3
       Scroll            |       |     4 ||     4
Armor: Scale mail        |    67 |    66 ||   133
Dodge: Dodged            |    73 |    56 ||   129
Block: Buckler           |    34 |    24 ||    58

Table legend: (Time is in decaauts)
 A = Elapsed time spent in this place.
 B = Non-inter-level travel time spent in this place.
 C = Inter-level travel time spent in this place.
 D = Time resting spent in this place.
 E = Time spent auto-exploring this place.
 F = Levels seen in this place.
 G = Mean time per level.
                   A        B        C        D        E       F      G
               +--------+--------+--------+--------+--------+-----+--------+
         Total |   3176 |   3098 |     78 |    620 |   1879 |   4 |  794.0 |
       Dungeon |   3176 |   3098 |     78 |    620 |   1879 |   4 |  794.0 |
               +--------+--------+--------+--------+--------+-----+--------+

Top non-repeatable levels by time:
     D:1: 1291 daAuts
     D:2: 1164 daAuts
     D:3: 698 daAuts
     D:4: 21 daAuts
